WCHLSIM.com - West Coast Hockey League
html PUBLIC "-//W3C//DTD XHTML 1.0 Transitional//EN" "http://www.w3.org/TR/xhtml1/DTD/xhtml1-transitional.dtd"> WCHL - Game 77 - SAN JOSE BRONCOS vs UTAH ICE BEARS

SAN JOSE BRONCOS vs UTAH ICE BEARS

Created - 22 octobre 2022 at 21:00

Goals
1 2 3 OT1 T
SAN JOSE BRONCOS 0 2 0 1 3
UTAH ICE BEARS 0 0 2 0 2
Shots
1 2 3 OT1 T
SAN JOSE BRONCOS 4 3 14 1 22
UTAH ICE BEARS 7 6 5 0 18

1st period

No Goal

Penalties :
Oliver Bjorkstrand (SJO) for Hooking (Minor) at 3:47, T.J. Brodie (UTA) for Holding (Minor) at 16:00

2nd period

1. SAN JOSE BRONCOS , Elias Lindholm 6 (Oliver Bjorkstrand 1) at 0:08
2. SAN JOSE BRONCOS , Jesper Bratt 1 (Oliver Bjorkstrand 2, Elias Lindholm 2) at 16:55

Penalties :
Jacob Middleton (SJO) for Hooking (Minor) at 9:38, Ross Colton (UTA) for High sticking (Minor) at 19:14

3rd period

3. UTAH ICE BEARS , Artem Zub 1 (Matthew Beniers 3, Alexander Barabanov 3) at 1:40
4. UTAH ICE BEARS , Alexander Barabanov 3 (Lucas Raymond 4) at 13:58

Penalties :
Rudolfs Balcers (UTA) for Tripping (Minor) at 9:02, Lucas Raymond (UTA) for Hooking (Minor) at 11:53, Mark Pysyk (UTA) for Roughing (Minor) at 16:29

Overtime #1

5. SAN JOSE BRONCOS , Elias Lindholm 7 (Jaccob Slavin 3) at 0:31

Penalties :
No Penalty

Goalie Stats

Petr Mrazek (SJO), 16 saves from 18 shots - (0,889), W, 1-0-0, 60:32 minutes
Thatcher Demko (UTA), 19 saves from 22 shots - (0,864), OTL, 3-1-1, 60:32 minutes

Players Stats for SAN JOSE BRONCOS

Player Name              G  A  P  +/- PIM S  H  SB GA TA FO     MP     PP MP  PK MP  
------------------------------------------------------------------------------------
Adam Pelech              0  0  0   0  0   1  0  0  0  0  0/0    21:32   5:19   1:58 
Brayden Point            0  0  0   0  0   1  0  0  0  0  6/14   18:38   5:07   0:00 
Cole Caufield            0  0  0   0  0   0  0  0  0  0  1/1    13:31   0:00   0:00 
Elias Lindholm           2  1  3   3  0   6  1  0  0  0  5/16   22:55   5:07   2:10 
Ivan Barbashev           0  0  0   0  0   3  2  0  0  0  0/0    18:19   4:48   0:00 
Jaccob Slavin            0  1  1   1  0   0  3  2  0  0  0/0    25:37   5:48   1:44 
Jacob Middleton          0  0  0  -1  2   0  1  2  0  0  0/0    18:51   0:34   1:12 
Jake Evans               0  0  0  -1  0   1  0  0  0  0  1/1    10:37   0:00   0:00 
Jan Rutta                0  0  0   0  0   1  3  0  0  0  0/0    14:23   0:00   0:42 
Jesper Bratt             1  0  1   2  0   4  2  1  0  0  1/2    22:01   5:07   1:48 
Jordan Martinook         0  0  0  -1  0   0  0  0  0  0  0/3     9:03   0:00   2:10 
Justin Braun             0  0  0   0  0   0  0  1  0  0  0/0    20:37   4:02   2:20 
Max Domi                 0  0  0  -1  0   2  0  0  0  0  1/3     6:53   0:00   0:00 
Mikael Granlund          0  0  0  -1  0   0  0  0  0  0  6/14   12:25   0:00   1:48 
Neal Pionk               0  0  0   1  0   1  3  1  0  0  0/0    19:31   4:07   0:00 
Oliver Bjorkstrand       0  2  2   2  2   2  2  0  0  0  0/1    19:53   4:48   0:00 
Patrick Maroon           0  0  0  -1  0   0  1  0  0  0  0/0     6:53   0:00   0:00 
Pierre-Edouard Bellemare 0  0  0   0  0   0  0  0  0  0  5/8    15:57   4:48   0:00 

Players Stats for UTAH ICE BEARS

Player Name              G  A  P  +/- PIM S  H  SB GA TA FO     MP     PP MP  PK MP  
------------------------------------------------------------------------------------
Alexander Barabanov      1  1  2   2  0   2  1  0  0  0  0/0    19:36   1:40   1:32 
Andrew Peeke             0  0  0   1  0   0  0  0  0  0  0/0    21:25   1:09   3:46 
Artem Zub                1  0  1   1  0   1  1  2  0  0  0/0    21:55   1:09   3:46 
Blake Lizotte            0  0  0   0  0   0  1  0  0  0  12/20  12:42   2:00   6:31 
Casey Mittelstadt        0  0  0   0  0   0  0  0  0  0  0/0     1:10   0:18   0:00 
Evgeni Malkin            0  0  0  -2  0   7  0  0  0  0  11/17  20:54   2:18   0:28 
Kyle Okposo              0  0  0  -1  0   1  1  0  0  0  0/0    21:04   2:00   6:31 
Lucas Raymond            0  1  1   2  2   0  0  0  0  0  0/0    18:03   1:40   0:00 
MacKenzie Weegar         0  0  0  -2  0   0  1  1  0  0  0/0    24:24   2:18   5:41 
Mark Pysyk               0  0  0   0  2   0  1  0  0  0  0/0    14:59   0:49   1:13 
Matthew Beniers          0  1  1   2  0   1  1  0  0  0  7/14   18:04   1:40   0:00 
Matthew Phillips         0  0  0  -1  0   0  0  0  0  0  2/2    12:07   0:00   0:00 
Nicholas Paul            0  0  0  -1  0   0  0  2  0  0  3/5    16:49   0:00   3:24 
Ross Colton              0  0  0  -1  2   2  0  0  0  0  2/5    12:24   0:18   0:00 
Rudolfs Balcers          0  0  0  -2  2   4  1  0  0  0  0/0    14:30   0:00   1:52 
T.J. Brodie              0  0  0  -1  2   0  1  1  0  0  0/0    23:19   2:31   4:10 
Tucker Poolman           0  0  0   0  0   0  1  0  0  0  0/0    14:00   0:00   0:46 
Zachary Sanford          0  0  0   0  0   0  0  0  0  0  0/0     4:11   0:00   0:00 

3 Stars

1 - Elias Lindholm (SJO)
2 - Alexander Barabanov (UTA)
3 - Jesper Bratt (SJO)

Power Play

SAN JOSE BRONCOS - 0 on 5 Attempt(s) - 0,00%
UTAH ICE BEARS - 0 on 2 Attempt(s) - 0,00%

Penalty Kill

SAN JOSE BRONCOS - 2 on 2 Attempt(s) - 100,00% - Score 0 goal in Penalty Kill
UTAH ICE BEARS - 5 on 5 Attempt(s) - 100,00% - Score 0 goal in Penalty Kill

Team Stat

SAN JOSE BRONCOS - Hits : 18 - Faceoff Wins : 26 - Blocked Shots : 7 - Penalty Minutes : 4
UTAH ICE BEARS - Hits : 10 - Faceoff Wins : 37 - Blocked Shots : 6 - Penalty Minutes : 10

Official

Referees : Brandon Schrader and Dan O'Halloran
Linesman : Scott Driscoll and Luke Murray

Game Notes

No Game Note

Finance

Level 1 -- Attendance: 6666 (86,01%) -- Ticket Income 766 590 $
Level 2 -- Attendance: 5728 (99,62%) -- Ticket Income 441 056 $
Level 3 -- Attendance: 2340 (93,60%) -- Ticket Income 145 080 $
Level 4 -- Attendance: 4427 (88,54%) -- Ticket Income 181 507 $
Luxury Box -- Attendance: 1000 (100,00%) -- Ticket Income 250 000 $
Total Attendance: 20161 (91,64%)
Total Ticket Income: 1 784 233 $
Other Expense: 17 842 $
Total Income: 1 766 391 $

SAN JOSE BRONCOS

5 vs 5 Forward 
   Center                   Left Wing                Right Wing               Time % Phy DF OF 
 1 Elias Lindholm           Jesper Bratt             Oliver Bjorkstrand       36     1   2  2  
 2 Brayden Point            Ivan Barbashev           Cole Caufield            31     1   2  2  
 3 Mikael Granlund          Pierre-Edouard Bellemare Jake Evans               23     1   2  2  
 4 Max Domi                 Patrick Maroon           Jordan Martinook         10     1   2  2  

5 vs 5 Defense 
   Defense                  Defense                                           Time % Phy DF OF 
 1 Jaccob Slavin            Neal Pionk                                        36     1   2  2  
 2 Adam Pelech              Justin Braun                                      31     1   2  2  
 3 Jacob Middleton          Jan Rutta                                         23     1   2  2  
 4 Jaccob Slavin            Jacob Middleton                                   10     1   2  2  

PowerPlay Forward 
   Center                   Left Wing                Right Wing               Time % Phy DF OF 
 1 Brayden Point            Jesper Bratt             Elias Lindholm           55     1   2  2  
 2 Pierre-Edouard Bellemare Oliver Bjorkstrand       Ivan Barbashev           45     1   2  2  

PowerPlay Defense
   Defense                  Defense                                           Time % Phy DF OF 
 1 Jaccob Slavin            Adam Pelech                                       55     1   2  2  
 2 Justin Braun             Neal Pionk                                        45     1   2  2  

Penalty Kill 4 Players Forward 
   Center                   Wing                     Time % Phy DF OF 
 1 Elias Lindholm           Jordan Martinook         55     1   2  2  
 2 Mikael Granlund          Jesper Bratt             45     1   2  2  

Penalty Kill 4 Players Defense
   Defense                  Defense                  Time % Phy DF OF 
 1 Jaccob Slavin            Adam Pelech              50     1   2  2  
 2 Jacob Middleton          Justin Braun             50     1   2  2  

Penalty Kill - 3 Players Forward 
   Forward                                           Time % Phy DF OF 
 1 Elias Lindholm                                    55     1   2  2  
 2 Pierre-Edouard Bellemare                          45     1   2  2  

Penalty Kill - 3 Players Defense
   Defense                  Defense                  Time % Phy DF OF 
 1 Jaccob Slavin            Adam Pelech              50     1   2  2  
 2 Jacob Middleton          Jan Rutta                50     1   2  2  

4 vs 4 Forward 
   Center                   Wing                     Time % Phy DF OF 
 1 Jesper Bratt             Elias Lindholm           55     1   2  2  
 2 Pierre-Edouard Bellemare Brayden Point            45     1   2  2  

4 vs 4 Defense
   Defense                  Defense                  Time % Phy DF OF 
 1 Jaccob Slavin            Jacob Middleton          55     1   2  2  
 2 Jan Rutta                Adam Pelech              45     1   2  2  

Last Minutes Offensive
   Center                   Left Wing                Right Wing               Defense                  Defense                  
   Brayden Point            Jesper Bratt             Elias Lindholm           Jaccob Slavin            Adam Pelech              

Last Minutes Defensive
   Center                   Left Wing                Right Wing               Defense                  Defense                  
   Brayden Point            Jesper Bratt             Elias Lindholm           Jaccob Slavin            Adam Pelech              

Goaltenders
Starting : Petr Mrazek              
Backup : Jacob Markstrom          

Extra Forwards
Normal : Elias Lindholm, Jesper Bratt, Brayden Point - PP : Elias Lindholm, Brayden Point - PK : Elias Lindholm
Extra Defensemen
Normal : Jaccob Slavin, Jacob Middleton, Adam Pelech - PP : Jaccob Slavin - PK : Justin Braun, Jaccob Slavin
Penalty Shots
Elias Lindholm, Brayden Point, Jesper Bratt, Mikael Granlund, Oliver Bjorkstrand
Custom OT Lines Forwards
Pierre-Edouard Bellemare, Elias Lindholm, Oliver Bjorkstrand, Brayden Point, Jesper Bratt, Patrick Maroon, Cole Caufield, Jake Evans, Max Domi, Jordan Martinook
Custom OT Lines Defensemen
Jaccob Slavin, Jacob Middleton, Adam Pelech, Justin Braun, Neal Pionk

Scratches
Jake Bean (Healthy)

UTAH ICE BEARS

5 vs 5 Forward 
   Center                   Left Wing                Right Wing               Time % Phy DF OF 
 1 Evgeni Malkin            Nicholas Paul            Kyle Okposo              36     1   2  2  
 2 Matthew Beniers          Alexander Barabanov      Lucas Raymond            31     1   2  2  
 3 Ross Colton              Matthew Phillips         Rudolfs Balcers          23     1   2  2  
 4 Blake Lizotte            Zachary Sanford          Evgeni Malkin            10     1   2  2  

5 vs 5 Defense 
   Defense                  Defense                                           Time % Phy DF OF 
 1 MacKenzie Weegar         T.J. Brodie                                       36     1   2  2  
 2 Artem Zub                Andrew Peeke                                      31     1   2  2  
 3 Mark Pysyk               Tucker Poolman                                    23     1   2  2  
 4 MacKenzie Weegar         T.J. Brodie                                       10     1   2  2  

PowerPlay Forward 
   Center                   Left Wing                Right Wing               Time % Phy DF OF 
 1 Evgeni Malkin            Blake Lizotte            Kyle Okposo              55     1   2  2  
 2 Matthew Beniers          Alexander Barabanov      Lucas Raymond            45     1   2  2  

PowerPlay Defense
   Defense                  Defense                                           Time % Phy DF OF 
 1 MacKenzie Weegar         T.J. Brodie                                       55     1   2  2  
 2 Artem Zub                Andrew Peeke                                      45     1   2  2  

Penalty Kill 4 Players Forward 
   Center                   Wing                     Time % Phy DF OF 
 1 Blake Lizotte            Kyle Okposo              55     1   2  2  
 2 Nicholas Paul            Rudolfs Balcers          45     1   2  2  

Penalty Kill 4 Players Defense
   Defense                  Defense                  Time % Phy DF OF 
 1 MacKenzie Weegar         T.J. Brodie              55     1   2  2  
 2 Artem Zub                Andrew Peeke             45     1   2  2  

Penalty Kill - 3 Players Forward 
   Forward                                           Time % Phy DF OF 
 1 Blake Lizotte                                     55     1   2  2  
 2 Nicholas Paul                                     45     1   2  2  

Penalty Kill - 3 Players Defense
   Defense                  Defense                  Time % Phy DF OF 
 1 MacKenzie Weegar         T.J. Brodie              55     1   2  2  
 2 Artem Zub                Andrew Peeke             45     1   2  2  

4 vs 4 Forward 
   Center                   Wing                     Time % Phy DF OF 
 1 Evgeni Malkin            Kyle Okposo              55     1   2  2  
 2 Matthew Beniers          Alexander Barabanov      45     1   2  2  

4 vs 4 Defense
   Defense                  Defense                  Time % Phy DF OF 
 1 MacKenzie Weegar         T.J. Brodie              55     1   2  2  
 2 Artem Zub                Andrew Peeke             45     1   2  2  

Last Minutes Offensive
   Center                   Left Wing                Right Wing               Defense                  Defense                  
   Evgeni Malkin            Casey Mittelstadt        Kyle Okposo              MacKenzie Weegar         T.J. Brodie              

Last Minutes Defensive
   Center                   Left Wing                Right Wing               Defense                  Defense                  
   Evgeni Malkin            Casey Mittelstadt        Kyle Okposo              MacKenzie Weegar         T.J. Brodie              

Goaltenders
Starting : Thatcher Demko           
Backup : Brandon Bussi            

Extra Forwards
Normal : Casey Mittelstadt, Ross Colton, Blake Lizotte - PP : Casey Mittelstadt, Ross Colton - PK : Blake Lizotte
Extra Defensemen
Normal : Mark Pysyk, Tucker Poolman, Artem Zub - PP : Mark Pysyk - PK : Tucker Poolman, Artem Zub
Penalty Shots
Evgeni Malkin, Blake Lizotte, Kyle Okposo, Alexander Barabanov, Nicholas Paul
Custom OT Lines Forwards
Evgeni Malkin, Rudolfs Balcers, Kyle Okposo, Alexander Barabanov, Nicholas Paul, Ross Colton, Lucas Raymond, Blake Lizotte, Casey Mittelstadt, Matthew Beniers
Custom OT Lines Defensemen
MacKenzie Weegar, T.J. Brodie, Artem Zub, Andrew Peeke, Mark Pysyk

Scratches
Andrew Mangiapane (Sprained Right Finger Injury), Leo Komarov (Healthy), Radim Simek (Healthy), Troy Stecher (Healthy)

% Time on Ice - SAN JOSE BRONCOS

Lines # - Real PCT - Wanted PCT - Time Play
Normal Forward
1 - 33% - 36% - 15:06
2 - 29% - 31% - 13:31
3 - 23% - 23% - 10:37
4 - 15% - 10% - 6:53
Normal Defense
1 - 33% - 36% - 15:24
2 - 31% - 31% - 14:15
3 - 30% - 23% - 13:41
4 - 6% - 10% - 2:47
PP Forward
1 - 52% - 55% - 5:07
2 - 48% - 45% - 4:48
PP Defense
1 - 58% - 55% - 5:48
2 - 42% - 45% - 4:07
PK Forward
1 - 55% - 55% - 2:10
2 - 45% - 45% - 1:48
PK Defense
1 - 28% - 50% - 1:07
2 - 72% - 50% - 2:51
PK3 Forward
1 - 0% - 55%
2 - 0% - 45%
PK3 Defense
1 - 0% - 50%
2 - 0% - 50%
44 Forward
1 - 0% - 55%
2 - 0% - 45%
44 Defense
1 - 0% - 55%
2 - 0% - 45%
Last Minute Offensive  - 0:00
Last Minute Defensive  - 0:00
Total
Forward - 60:00
Defense - 60:00

% Time on Ice - UTAH ICE BEARS

Lines # - Real PCT - Wanted PCT - Time Play
Normal Forward
1 - 29% - 36% - 13:25
2 - 36% - 31% - 16:24
3 - 26% - 23% - 12:07
4 - 9% - 10% - 4:11
Normal Defense
1 - 33% - 36% - 15:16
2 - 35% - 31% - 16:14
3 - 29% - 23% - 13:14
4 - 3% - 10% - 1:23
PP Forward
1 - 58% - 55% - 2:18
2 - 42% - 45% - 1:40
PP Defense
1 - 71% - 55% - 2:49
2 - 29% - 45% - 1:09
PK Forward
1 - 66% - 55% - 6:31
2 - 34% - 45% - 3:24
PK Defense
1 - 62% - 55% - 6:09
2 - 38% - 45% - 3:46
PK3 Forward
1 - 0% - 55%
2 - 0% - 45%
PK3 Defense
1 - 0% - 55%
2 - 0% - 45%
44 Forward
1 - 0% - 55%
2 - 0% - 45%
44 Defense
1 - 0% - 55%
2 - 0% - 45%
Last Minute Offensive  - 0:00
Last Minute Defensive  - 0:00
Total
Forward - 60:00
Defense - 60:00

Play-by-Play

1st period


0:01 of 1st period - Evgeni Malkin wins face-off versus Elias Lindholm in neutral zone.
0:45 of 1st period - Shot by Evgeni Malkin.
0:45 of 1st period - Shot Misses the Net.
1:21 of 1st period - Shot by Brayden Point.
1:21 of 1st period - Shot Misses the Net.
1:35 of 1st period - Shot by Ivan Barbashev.
1:35 of 1st period - Shot Misses the Net.
1:45 of 1st period - Shot by Brayden Point.
1:45 of 1st period - Stopped by Thatcher Demko with a rebound.
3:20 of 1st period - Icing by Andrew Peeke.
3:21 of 1st period - Brayden Point wins face-off versus Matthew Beniers in UTAH ICE BEARS zone.
3:32 of 1st period - Shot by Ivan Barbashev.
3:32 of 1st period - Stopped by Thatcher Demko without a rebound.
3:33 of 1st period - Elias Lindholm wins face-off versus Ross Colton in UTAH ICE BEARS zone.
3:40 of 1st period - Shot by Oliver Bjorkstrand.
3:40 of 1st period - Shot Misses the Net.
3:47 of 1st period - Minor Penalty to Oliver Bjorkstrand for Hooking.
3:48 of 1st period - Evgeni Malkin wins face-off versus Jordan Martinook in SAN JOSE BRONCOS zone.
3:59 of 1st period - Shot by Evgeni Malkin.
3:59 of 1st period - Shot Misses the Net.
4:01 of 1st period - Shot by Blake Lizotte.
4:01 of 1st period - Shot Misses the Net.
4:03 of 1st period - Shot by Evgeni Malkin.
4:03 of 1st period - Stopped by Petr Mrazek without a rebound.
4:04 of 1st period - Evgeni Malkin wins face-off versus Mikael Granlund in SAN JOSE BRONCOS zone.
4:09 of 1st period - Shot by Evgeni Malkin.
4:09 of 1st period - Stopped by Petr Mrazek without a rebound.
4:10 of 1st period - Evgeni Malkin wins face-off versus Elias Lindholm in SAN JOSE BRONCOS zone.
5:07 of 1st period - Shot by Casey Mittelstadt.
5:07 of 1st period - Shot Blocked by Justin Braun.
5:11 of 1st period - Shot by Evgeni Malkin.
5:11 of 1st period - Stopped by Petr Mrazek with a rebound.
5:13 of 1st period - Shot by Evgeni Malkin.
5:13 of 1st period - Shot Misses the Net.
5:15 of 1st period - Shot by Evgeni Malkin.
5:15 of 1st period - Stopped by Petr Mrazek without a rebound.
5:16 of 1st period - Mikael Granlund wins face-off versus Matthew Beniers in SAN JOSE BRONCOS zone.
5:57 of 1st period - Shot by Ross Colton.
5:57 of 1st period - Shot Blocked by Jaccob Slavin.
6:13 of 1st period - Shot by Ross Colton.
6:13 of 1st period - Shot Misses the Net.
6:37 of 1st period - Jake Evans is hit by Rudolfs Balcers and loses puck.
6:45 of 1st period - Icing by Mikael Granlund.
6:46 of 1st period - Mikael Granlund wins face-off versus Evgeni Malkin in SAN JOSE BRONCOS zone.
7:04 of 1st period - Shot by Evgeni Malkin.
7:04 of 1st period - Stopped by Petr Mrazek without a rebound.
7:05 of 1st period - Blake Lizotte wins face-off versus Elias Lindholm in SAN JOSE BRONCOS zone.
7:18 of 1st period - Evgeni Malkin is hit by Oliver Bjorkstrand and loses puck.
7:44 of 1st period - Elias Lindholm is hit by T.J. Brodie and loses puck.
8:03 of 1st period - Shot by Cole Caufield.
8:03 of 1st period - Shot Misses the Net.
8:10 of 1st period - Icing by T.J. Brodie.
8:11 of 1st period - Blake Lizotte wins face-off versus Mikael Granlund in UTAH ICE BEARS zone.
8:19 of 1st period - Shot by Jake Evans.
8:19 of 1st period - Shot Misses the Net.
8:48 of 1st period - Off-side.
8:49 of 1st period - Matthew Phillips wins face-off versus Brayden Point in neutral zone.
8:51 of 1st period - Rudolfs Balcers is hit by Jaccob Slavin and loses puck.
9:15 of 1st period - Rudolfs Balcers is hit by Neal Pionk and loses puck.
9:50 of 1st period - Shot by Jesper Bratt.
9:50 of 1st period - Deflect By Oliver Bjorkstrand.
9:50 of 1st period - Stopped by Thatcher Demko without a rebound.
9:51 of 1st period - Matthew Beniers wins face-off versus Elias Lindholm in UTAH ICE BEARS zone.
9:51 of 1st period - Matthew Beniers is hit by Jesper Bratt.
10:06 of 1st period - Icing by Adam Pelech.
10:07 of 1st period - Matthew Beniers wins face-off versus Elias Lindholm in SAN JOSE BRONCOS zone.
10:30 of 1st period - Shot by Elias Lindholm.
10:30 of 1st period - Shot Misses the Net.
10:32 of 1st period - Shot by Elias Lindholm.
10:32 of 1st period - Shot Misses the Net.
13:07 of 1st period - Shot by Patrick Maroon.
13:07 of 1st period - Shot Misses the Net.
13:09 of 1st period - Shot by Max Domi.
13:09 of 1st period - Stopped by Thatcher Demko with a rebound.
15:18 of 1st period - Shot by Lucas Raymond.
15:18 of 1st period - Shot Misses the Net.
15:20 of 1st period - Shot by Alexander Barabanov.
15:20 of 1st period - Shot Hit the Post.
15:22 of 1st period - Shot by Lucas Raymond.
15:22 of 1st period - Shot Misses the Net.
15:24 of 1st period - Shot by Matthew Beniers.
15:24 of 1st period - Shot Misses the Net.
15:26 of 1st period - Shot by Tucker Poolman.
15:26 of 1st period - Shot Misses the Net.
15:28 of 1st period - Shot by Alexander Barabanov.
15:28 of 1st period - Shot Misses the Net.
15:38 of 1st period - Shot by Matthew Beniers.
15:38 of 1st period - Stopped by Petr Mrazek without a rebound.
15:39 of 1st period - Evgeni Malkin wins face-off versus Elias Lindholm in SAN JOSE BRONCOS zone.
15:39 of 1st period - Evgeni Malkin is hit by Neal Pionk.
15:43 of 1st period - Shot by Evgeni Malkin.
15:43 of 1st period - Shot Misses the Net.
16:00 of 1st period - Minor Penalty to T.J. Brodie for Holding.
16:01 of 1st period - Blake Lizotte wins face-off versus Pierre-Edouard Bellemare in UTAH ICE BEARS zone.
17:02 of 1st period - Shot by Elias Lindholm.
17:02 of 1st period - Shot Misses the Net.
17:04 of 1st period - Shot by Brayden Point.
17:04 of 1st period - Deflect By Elias Lindholm.
17:04 of 1st period - Shot Misses the Net.
17:14 of 1st period - Shot by Jesper Bratt.
17:14 of 1st period - Shot Misses the Net.
18:06 of 1st period - Jacob Middleton is hit by Matthew Beniers and loses puck.
18:55 of 1st period - Shot by Evgeni Malkin.
18:55 of 1st period - Shot Misses the Net.
18:57 of 1st period - Shot by Evgeni Malkin.
18:57 of 1st period - Shot Blocked by Jaccob Slavin.
18:59 of 1st period - Shot by Tucker Poolman.
18:59 of 1st period - Shot Misses the Net.
19:01 of 1st period - Shot by Tucker Poolman.
19:01 of 1st period - Deflect By Evgeni Malkin.
19:01 of 1st period - Stopped by Petr Mrazek without a rebound.
19:02 of 1st period - Elias Lindholm wins face-off versus Evgeni Malkin in SAN JOSE BRONCOS zone.
19:49 of 1st period - Off-side.
19:50 of 1st period - Cole Caufield wins face-off versus Matthew Beniers in neutral zone.
Goals for this period are 0 for SAN JOSE BRONCOS vs 0 for UTAH ICE BEARS.
Shots for this period are 4 for SAN JOSE BRONCOS vs 7 for UTAH ICE BEARS.

2nd period


0:01 of 2nd period - Elias Lindholm wins face-off versus Nicholas Paul in neutral zone.
0:04 of 2nd period - Shot by Oliver Bjorkstrand.
0:04 of 2nd period - Shot Blocked by T.J. Brodie.
0:08 of 2nd period - Shot by Elias Lindholm.
0:08 of 2nd period - Goal by Elias Lindholm - SAN JOSE BRONCOS : 1 - UTAH ICE BEARS : 0.
0:09 of 2nd period - Evgeni Malkin wins face-off versus Elias Lindholm in neutral zone.
0:39 of 2nd period - Shot by Jesper Bratt.
0:39 of 2nd period - Shot Misses the Net.
0:41 of 2nd period - Shot by Jan Rutta.
0:41 of 2nd period - Stopped by Thatcher Demko with a rebound.
1:30 of 2nd period - Shot by Lucas Raymond.
1:30 of 2nd period - Shot Misses the Net.
1:44 of 2nd period - Shot by Lucas Raymond.
1:44 of 2nd period - Shot Blocked by Neal Pionk.
1:59 of 2nd period - Shot by Rudolfs Balcers.
1:59 of 2nd period - Stopped by Petr Mrazek without a rebound.
2:00 of 2nd period - Blake Lizotte wins face-off versus Mikael Granlund in SAN JOSE BRONCOS zone.
2:25 of 2nd period - Off-side.
2:26 of 2nd period - Matthew Phillips wins face-off versus Max Domi in neutral zone.
4:25 of 2nd period - Alexander Barabanov is hit by Jan Rutta and loses puck.
4:45 of 2nd period - Matthew Beniers is hit by Jan Rutta and loses puck.
5:32 of 2nd period - Shot by Blake Lizotte.
5:32 of 2nd period - Shot Misses the Net.
5:58 of 2nd period - Neal Pionk is hit by Blake Lizotte and loses puck.
6:39 of 2nd period - Shot by Ivan Barbashev.
6:39 of 2nd period - Shot Misses the Net.
6:54 of 2nd period - Icing by Adam Pelech.
6:55 of 2nd period - Mikael Granlund wins face-off versus Matthew Beniers in SAN JOSE BRONCOS zone.
7:03 of 2nd period - Pierre-Edouard Bellemare is hit by Artem Zub and loses puck.
7:53 of 2nd period - Shot by Max Domi.
7:53 of 2nd period - Shot Misses the Net.
8:07 of 2nd period - Icing by Jaccob Slavin.
8:08 of 2nd period - Evgeni Malkin wins face-off versus Max Domi in SAN JOSE BRONCOS zone.
8:45 of 2nd period - Ivan Barbashev is hit by MacKenzie Weegar and loses puck.
9:38 of 2nd period - Minor Penalty to Jacob Middleton for Hooking.
9:39 of 2nd period - Elias Lindholm wins face-off versus Matthew Beniers in SAN JOSE BRONCOS zone.
10:01 of 2nd period - Icing by Alexander Barabanov.
10:02 of 2nd period - Matthew Beniers wins face-off versus Mikael Granlund in UTAH ICE BEARS zone.
11:54 of 2nd period - Shot by Ross Colton.
11:54 of 2nd period - Stopped by Petr Mrazek with a rebound.
12:06 of 2nd period - Shot by Ross Colton.
12:06 of 2nd period - Stopped by Petr Mrazek with a rebound.
12:08 of 2nd period - Shot by Rudolfs Balcers.
12:08 of 2nd period - Stopped by Petr Mrazek without a rebound.
12:09 of 2nd period - Max Domi wins face-off versus Matthew Beniers in SAN JOSE BRONCOS zone.
13:01 of 2nd period - Icing by Neal Pionk.
13:02 of 2nd period - Evgeni Malkin wins face-off versus Jordan Martinook in SAN JOSE BRONCOS zone.
13:10 of 2nd period - Shot by Evgeni Malkin.
13:10 of 2nd period - Shot Misses the Net.
13:12 of 2nd period - Shot by Evgeni Malkin.
13:12 of 2nd period - Stopped by Petr Mrazek without a rebound.
13:13 of 2nd period - Elias Lindholm wins face-off versus Evgeni Malkin in SAN JOSE BRONCOS zone.
13:37 of 2nd period - Shot by Kyle Okposo.
13:37 of 2nd period - Shot Blocked by Jesper Bratt.
13:46 of 2nd period - Evgeni Malkin is hit by Jacob Middleton and loses puck.
13:50 of 2nd period - Nicholas Paul is hit by Jan Rutta and loses puck.
13:59 of 2nd period - Shot by Kyle Okposo.
13:59 of 2nd period - Shot Misses the Net.
14:25 of 2nd period - Shot by Rudolfs Balcers.
14:25 of 2nd period - Stopped by Petr Mrazek without a rebound.
14:26 of 2nd period - Matthew Beniers wins face-off versus Mikael Granlund in SAN JOSE BRONCOS zone.
14:30 of 2nd period - Alexander Barabanov is hit by Jaccob Slavin and loses puck.
15:08 of 2nd period - Icing by Andrew Peeke.
15:09 of 2nd period - Brayden Point wins face-off versus Matthew Beniers in UTAH ICE BEARS zone.
16:19 of 2nd period - Icing by Justin Braun.
16:20 of 2nd period - Brayden Point wins face-off versus Ross Colton in SAN JOSE BRONCOS zone.
16:55 of 2nd period - Shot by Jesper Bratt.
16:55 of 2nd period - Goal by Jesper Bratt - SAN JOSE BRONCOS : 2 - UTAH ICE BEARS : 0.
16:56 of 2nd period - Evgeni Malkin wins face-off versus Mikael Granlund in neutral zone.
17:00 of 2nd period - Off-side.
17:01 of 2nd period - Mikael Granlund wins face-off versus Evgeni Malkin in neutral zone.
18:29 of 2nd period - Shot by Jesper Bratt.
18:29 of 2nd period - Shot Misses the Net.
19:14 of 2nd period - Minor Penalty to Ross Colton for High sticking.
19:15 of 2nd period - Blake Lizotte wins face-off versus Oliver Bjorkstrand in UTAH ICE BEARS zone.
19:26 of 2nd period - Kyle Okposo is hit by Ivan Barbashev and loses puck.
Goals for this period are 2 for SAN JOSE BRONCOS vs 0 for UTAH ICE BEARS.
Shots for this period are 3 for SAN JOSE BRONCOS vs 6 for UTAH ICE BEARS.

3rd period


0:01 of 3rd period - Blake Lizotte wins face-off versus Brayden Point in neutral zone.
0:18 of 3rd period - Shot by Jesper Bratt.
0:18 of 3rd period - Stopped by Thatcher Demko without a rebound.
0:19 of 3rd period - Blake Lizotte wins face-off versus Pierre-Edouard Bellemare in UTAH ICE BEARS zone.
1:03 of 3rd period - Shot by Neal Pionk.
1:03 of 3rd period - Shot Hit the Post.
1:18 of 3rd period - Off-side.
1:19 of 3rd period - Matthew Beniers wins face-off versus Jordan Martinook in neutral zone.
1:19 of 3rd period - Matthew Beniers is hit by Patrick Maroon.
1:36 of 3rd period - Shot by Alexander Barabanov.
1:36 of 3rd period - Shot Blocked by Jacob Middleton.
1:38 of 3rd period - Shot by Matthew Beniers.
1:38 of 3rd period - Shot Misses the Net.
1:40 of 3rd period - Shot by Artem Zub.
1:40 of 3rd period - Goal by Artem Zub - SAN JOSE BRONCOS : 2 - UTAH ICE BEARS : 1.
1:41 of 3rd period - Evgeni Malkin wins face-off versus Elias Lindholm in neutral zone.
1:58 of 3rd period - Shot by Elias Lindholm.
1:58 of 3rd period - Shot Misses the Net.
2:59 of 3rd period - Alexander Barabanov is hit by Neal Pionk.
3:07 of 3rd period - Shot by Lucas Raymond.
3:07 of 3rd period - Shot Misses the Net.
3:09 of 3rd period - Shot by Alexander Barabanov.
3:09 of 3rd period - Stopped by Petr Mrazek without a rebound.
3:10 of 3rd period - Ross Colton wins face-off versus Brayden Point in SAN JOSE BRONCOS zone.
3:50 of 3rd period - Shot by Rudolfs Balcers.
3:50 of 3rd period - Shot Misses the Net.
5:20 of 3rd period - Oliver Bjorkstrand is hit by Tucker Poolman and loses puck.
5:29 of 3rd period - Shot by Lucas Raymond.
5:29 of 3rd period - Shot Misses the Net.
5:53 of 3rd period - Shot by Rudolfs Balcers.
5:53 of 3rd period - Stopped by Petr Mrazek without a rebound.
5:54 of 3rd period - Mikael Granlund wins face-off versus Evgeni Malkin in SAN JOSE BRONCOS zone.
5:54 of 3rd period - Jake Evans is hit by Kyle Okposo and loses puck.
8:16 of 3rd period - Brayden Point is hit by Alexander Barabanov and loses puck.
8:47 of 3rd period - Shot by Ross Colton.
8:47 of 3rd period - Shot Misses the Net.
8:55 of 3rd period - Shot by Rudolfs Balcers.
8:55 of 3rd period - Shot Hit the Post.
8:57 of 3rd period - Shot by Tucker Poolman.
8:57 of 3rd period - Shot Blocked by Jacob Middleton.
9:02 of 3rd period - Minor Penalty to Rudolfs Balcers for Tripping.
9:03 of 3rd period - Brayden Point wins face-off versus Blake Lizotte in UTAH ICE BEARS zone.
9:27 of 3rd period - Off-side.
9:28 of 3rd period - Pierre-Edouard Bellemare wins face-off versus Blake Lizotte in neutral zone.
9:48 of 3rd period - Shot by Oliver Bjorkstrand.
9:48 of 3rd period - Shot Blocked by MacKenzie Weegar.
9:50 of 3rd period - Shot by Ivan Barbashev.
9:50 of 3rd period - Stopped by Thatcher Demko without a rebound.
9:51 of 3rd period - Nicholas Paul wins face-off versus Brayden Point in UTAH ICE BEARS zone.
10:49 of 3rd period - Shot by Ivan Barbashev.
10:49 of 3rd period - Stopped by Thatcher Demko without a rebound.
10:50 of 3rd period - Pierre-Edouard Bellemare wins face-off versus Blake Lizotte in UTAH ICE BEARS zone.
11:15 of 3rd period - Icing by Mark Pysyk.
11:16 of 3rd period - Ross Colton wins face-off versus Elias Lindholm in UTAH ICE BEARS zone.
11:26 of 3rd period - Off-side.
11:27 of 3rd period - Blake Lizotte wins face-off versus Mikael Granlund in neutral zone.
11:31 of 3rd period - Evgeni Malkin is hit by Jaccob Slavin and loses puck.
11:43 of 3rd period - Icing by Mikael Granlund.
11:44 of 3rd period - Matthew Beniers wins face-off versus Mikael Granlund in SAN JOSE BRONCOS zone.
11:53 of 3rd period - Minor Penalty to Lucas Raymond for Hooking.
11:54 of 3rd period - Blake Lizotte wins face-off versus Brayden Point in UTAH ICE BEARS zone.
11:54 of 3rd period - Blake Lizotte is hit by Elias Lindholm.
12:20 of 3rd period - Shot by Elias Lindholm.
12:20 of 3rd period - Stopped by Thatcher Demko without a rebound.
12:21 of 3rd period - Nicholas Paul wins face-off versus Pierre-Edouard Bellemare in UTAH ICE BEARS zone.
12:21 of 3rd period - Nicholas Paul is hit by Oliver Bjorkstrand.
12:28 of 3rd period - Icing by Adam Pelech.
12:29 of 3rd period - Pierre-Edouard Bellemare wins face-off versus Blake Lizotte in SAN JOSE BRONCOS zone.
12:34 of 3rd period - T.J. Brodie is hit by Ivan Barbashev.
12:50 of 3rd period - Shot by Jaccob Slavin.
12:50 of 3rd period - Shot Misses the Net.
12:52 of 3rd period - Shot by Adam Pelech.
12:52 of 3rd period - Shot Misses the Net.
12:54 of 3rd period - Shot by Adam Pelech.
12:54 of 3rd period - Stopped by Thatcher Demko without a rebound.
12:55 of 3rd period - Blake Lizotte wins face-off versus Brayden Point in UTAH ICE BEARS zone.
13:18 of 3rd period - Shot by Elias Lindholm.
13:18 of 3rd period - Stopped by Thatcher Demko without a rebound.
13:19 of 3rd period - Pierre-Edouard Bellemare wins face-off versus Nicholas Paul in UTAH ICE BEARS zone.
13:32 of 3rd period - Shot by Oliver Bjorkstrand.
13:32 of 3rd period - Stopped by Thatcher Demko without a rebound.
13:33 of 3rd period - Brayden Point wins face-off versus Blake Lizotte in UTAH ICE BEARS zone.
13:58 of 3rd period - Shot by Alexander Barabanov.
13:58 of 3rd period - Goal by Alexander Barabanov - SAN JOSE BRONCOS : 2 - UTAH ICE BEARS : 2.
13:59 of 3rd period - Jake Evans wins face-off versus Evgeni Malkin in neutral zone.
14:36 of 3rd period - Shot by Kyle Okposo.
14:36 of 3rd period - Stopped by Petr Mrazek without a rebound.
14:37 of 3rd period - Matthew Beniers wins face-off versus Elias Lindholm in SAN JOSE BRONCOS zone.
14:48 of 3rd period - Artem Zub is hit by Jesper Bratt and loses puck.
15:01 of 3rd period - Shot by Jesper Bratt.
15:01 of 3rd period - Shot Misses the Net.
15:18 of 3rd period - Shot by Jesper Bratt.
15:18 of 3rd period - Shot Misses the Net.
15:20 of 3rd period - Shot by Elias Lindholm.
15:20 of 3rd period - Stopped by Thatcher Demko without a rebound.
15:21 of 3rd period - Nicholas Paul wins face-off versus Brayden Point in UTAH ICE BEARS zone.
15:28 of 3rd period - Shot by Cole Caufield.
15:28 of 3rd period - Shot Misses the Net.
15:49 of 3rd period - Off-side.
15:50 of 3rd period - Mikael Granlund wins face-off versus Ross Colton in neutral zone.
15:55 of 3rd period - Shot by Jake Evans.
15:55 of 3rd period - Stopped by Thatcher Demko with a rebound.
16:05 of 3rd period - Shot by Pierre-Edouard Bellemare.
16:05 of 3rd period - Shot Misses the Net.
16:29 of 3rd period - Minor Penalty to Mark Pysyk for Roughing.
16:30 of 3rd period - Blake Lizotte wins face-off versus Jesper Bratt in UTAH ICE BEARS zone.
16:41 of 3rd period - Shot by Elias Lindholm.
16:41 of 3rd period - Stopped by Thatcher Demko without a rebound.
16:42 of 3rd period - Jesper Bratt wins face-off versus Blake Lizotte in UTAH ICE BEARS zone.
16:45 of 3rd period - Shot by Jesper Bratt.
16:45 of 3rd period - Stopped by Thatcher Demko without a rebound.
16:46 of 3rd period - Brayden Point wins face-off versus Blake Lizotte in UTAH ICE BEARS zone.
17:01 of 3rd period - Shot by Jesper Bratt.
17:01 of 3rd period - Stopped by Thatcher Demko without a rebound.
17:02 of 3rd period - Pierre-Edouard Bellemare wins face-off versus Blake Lizotte in UTAH ICE BEARS zone.
17:06 of 3rd period - Shot by Justin Braun.
17:06 of 3rd period - Shot Misses the Net.
17:08 of 3rd period - Shot by Neal Pionk.
17:08 of 3rd period - Stopped by Thatcher Demko without a rebound.
17:09 of 3rd period - Blake Lizotte wins face-off versus Brayden Point in UTAH ICE BEARS zone.
17:24 of 3rd period - Shot by Jesper Bratt.
17:24 of 3rd period - Shot Blocked by Artem Zub.
17:26 of 3rd period - Shot by Jaccob Slavin.
17:26 of 3rd period - Shot Blocked by Nicholas Paul.
17:28 of 3rd period - Shot by Elias Lindholm.
17:28 of 3rd period - Deflect By Jesper Bratt.
17:28 of 3rd period - Shot Blocked by Artem Zub.
17:30 of 3rd period - Shot by Brayden Point.
17:30 of 3rd period - Shot Blocked by Nicholas Paul.
17:32 of 3rd period - Shot by Elias Lindholm.
17:32 of 3rd period - Shot Misses the Net.
18:45 of 3rd period - Shot by Max Domi.
18:45 of 3rd period - Stopped by Thatcher Demko with a rebound.
19:08 of 3rd period - Max Domi is hit by Mark Pysyk and loses puck.
Goals for this period are 0 for SAN JOSE BRONCOS vs 2 for UTAH ICE BEARS.
Shots for this period are 14 for SAN JOSE BRONCOS vs 5 for UTAH ICE BEARS.

Overtime #1


0:01 of 1st overtime period - Evgeni Malkin wins face-off versus Elias Lindholm in neutral zone.
0:31 of 1st overtime period - Shot by Elias Lindholm.
0:31 of 1st overtime period - Goal by Elias Lindholm - SAN JOSE BRONCOS : 3 - UTAH ICE BEARS : 2.
Goals for this period are 1 for SAN JOSE BRONCOS vs 0 for UTAH ICE BEARS.
Shots for this period are 1 for SAN JOSE BRONCOS vs 0 for UTAH ICE BEARS.


NATHAN
MACKINNON
PHILLIP
DANAULT
CONNOR
MCDAVID

EAST COAST

HOCKEY LEAGUE

  • 25.QUE4CHI5
  • 26.CHA2LIM3
  • 27.TRV2LON3
  • 28.CHW4BAL2
  • 29.PITMAN
  • 30.ATLNHW
  • 31.WORPET
  • 32.RHI